 Dungeon Crawl Stone Soup version 0.29-a0-878-g7b45a56547 (webtiles) character file.

Game seed: 15877527825684244047

21156 quixfox the Geomancer (level 12, -2/75 HPs)
             Began as a Gargoyle Earth Elementalist on July 20, 2022.
             Was an Elder of Vehumet.
             Killed from afar by an ironbound frostheart (18 damage)
             ... by creeping frost
             ... in an ice cave.
             The game lasted 00:48:23 (13647 turns).

quixfox the Geomancer (GrEE)                       Turns: 13647, Time: 00:48:24

Health: -2/75      AC: 24    Str: 13    XL:     12   Next: 87%
Magic:  31/33      EV: 13    Int: 23    God:    Vehumet [****..]
Gold:   668        SH:  0    Dex: 10    Spells: 12/28 levels left

rFire   . . .      SeeInvis .   n - staff of earth
rCold   + + .      Faith    .   (no shield)
rNeg    + . .      Spirit   .   y - +2 robe {rC+}
rPois   ∞          Reflect  .   I - +2 helmet {Int+3}
rElec   +          Harm     .   K - +2 cloak {rCorr}
rCorr   +          Rampage  .   z - +1 pair of gloves
Will    .....                   O - +1 pair of boots
Stlth   ++........              p - amulet of regeneration
HPRegen 1.02/turn               t - ring of protection from cold
MPRegen 0.23/turn               F - ring of magical power

@: about to teleport, frozen, very slow
A: sickness immunity, AC +8, negative energy resistance 1, electricity
resistance, torment resistance 1, petrification resistance
a: Renounce Religion


You were in an ice cave.
You worshipped Vehumet.
Vehumet was greatly pleased with you.
You visited 3 branches of the dungeon, and saw 15 of its levels.
You also visited: Sewer and Ice Cave.

You collected 883 gold pieces.
You spent 215 gold pieces at shops.

Inventory:

Hand Weapons
 q - the +2 dagger of Premature Burial {protect, rF+ MP+9 Dex+2}
   (You found it on level 2 of the Dungeon)

   It grants its wielder temporary protection when it strikes (+7 to AC).
   Dex:       It affects your dexterity (+2).
   rF:        It protects you from fire.
   MP:        It affects your magic capacity (+9).
 D - a +5 flail of venom
Missiles
 c - 4 throwing nets
 d - 2 javelins
Armour
 y - a +2 robe of cold resistance (worn)
 z - a +1 pair of gloves (worn)
 I - a +2 helmet of intelligence (worn)
 K - a +2 cloak of preservation (worn)
 O - a +1 pair of boots (worn)
Magical Staves
 n - a staff of earth (weapon)
 A - a staff of fire
Jewellery
 p - an amulet of regeneration (around neck)
 r - a ring of resist corrosion
 s - a ring of flight
 t - a ring of protection from cold (left hand)
 x - a ring of see invisible
 C - a ring of ice
 F - a ring of magical power (right hand)
 L - an amulet of magic regeneration
 N - a +6 ring of strength
Wands
 i - a wand of iceblast (8)
 m - a wand of polymorph (8)
 E - a wand of digging (5)
 Q - a wand of paralysis (5)
Scrolls
 a - a scroll of enchant armour
 e - a scroll of magic mapping
 g - 4 scrolls of teleportation
 k - 2 scrolls of amnesia
 l - 5 scrolls of fog
 B - a scroll of blinking
 P - 3 scrolls of identify
Potions
 b - 3 potions of magic
 f - 3 potions of resistance
 h - 3 potions of berserk rage
 j - 3 potions of lignification
 o - 2 potions of invisibility
 u - 6 potions of curing
 w - 4 potions of haste
 G - a potion of flight
 H - 3 potions of attraction
 J - a potion of might
 M - a potion of mutation
 R - 8 potions of ambrosia
 S - a potion of brilliance {unknown}


   Skills:
 + Level 8.8 Fighting
 - Level 4.2 Staves
 - Level 5.0 Armour
 + Level 4.2 Dodging
 - Level 2.1 Stealth
 + Level 8.8 Spellcasting
 + Level 9.6 Conjurations
 - Level 0.7 Transmutations
 + Level 4.6 Fire Magic
 + Level 11.7 Earth Magic
 + Level 6.1 Evocations


You had 12 spell levels left.
You knew the following spells:

 Your Spells              Type           Power      Damage    Failure   Level
a - Sandblast             Erth           100%       2d20      1%          1
b - Passwall              Tmut/Erth      45%        N/A       1%          2
c - Stone Arrow           Conj/Erth      100%       3d13      1%          3
d - Borgnjor's Vile Clut  Necr/Erth      26%        N/A       16%         5
e - Fireball              Conj/Fire      21%        3d10      2%          5

Your spell library contained the following spells:

 Spells                   Type           Power      Damage    Failure   Level
 Irradiate                Conj/Tmut      16%        3d17      6%          5
 Freeze                   Ice            40%        1d6       1%          1
 Magic Dart               Conj           100%       1d8       1%          1
 Searing Ray              Conj           100%       2d8       1%          2
 Iskenderun's Battlesphe  Conj           53%        2d10      1%          5
 Fulminant Prism          Conj/Hex       16%        3d11      2%          4
 Hailstorm                Conj/Ice       32%        3d8       2%          4
 Beastly Appendage        Tmut           26%        N/A       4%          1
 Petrify                  Tmut/Erth      55%        N/A       4%          4
 Wereblood                Tmut           13%        N/A       7%          2
 Ensorcelled Hibernation  Hex/Ice        20%        N/A       10%         2
 Spider Form              Tmut/Pois      11%        N/A       17%         3
 Ozocubu's Armour         Ice            10%        N/A       19%         3
 Swiftness                Air            10%        N/A       19%         3
 Tukima's Dance           Hex            10%        N/A       19%         3
 Orb of Destruction       Conj           26%        9d9       26%         7
 Conjure Ball Lightning   Conj/Air       16%        3x3d6     32%         6
 Yara's Violent Unravell  Hex/Tmut       5%         3d4       36%         5
 Ice Form                 Ice/Tmut       11%        N/A       50%         4
 Anguish                  Hex/Necr       5%         N/A       54%         4
 Passage of Golubria      Tloc           10%        N/A       54%         4
 Alistair's Intoxication  Tmut/Pois      7%         N/A       83%         5
 Metabolic Englaciation   Hex/Ice        5%         N/A       87%         5
 Eringya's Noxious Bog    Tmut/Pois      5%         N/A       88%         6


Dungeon Overview and Level Annotations

Branches:
Dungeon (11/15)            Temple (1/1) D:5            Lair (3/5) D:8
  Swamp (0/4) Lair:3        Snake (0/4) Lair:2        Sewer (visited)
  IceCv (1/1)
    Orc: D:9-12

Altars:
Ashenzari
Cheibriados
Dithmenos
Elyvilon
Kikubaaqudgha
Makhleb
Ru
Sif Muna
Trog
Uskayaw
Vehumet
Wu Jian
Yredelemnul

Shops:
D:1 :   D:2 (   D:7 [

Annotations:
D:6 2 runed translucent doors, RevDB's ghost, novice MiFi
Lair:3 1 transporter


Innate Abilities, Weirdness & Mutations

You are immune to sickness and miasma.
Your stone body is resilient. (AC +8)
You are immune to poison.
You resist negative energy. (rN+)
You are resistant to electric shocks. (rElec)
You are resistant to unholy torment.
You are immune to petrification.


Message History

You are encased in ice.
The wolf moves out of view.
The yak bellows! x2
Your magical effects are unravelling.
You feel magically purged. The ice encasing you melts away.
You start resting.
HP restored.
You feel a surge of power!
The blast of sand hits the ironbound frostheart!!
The ironbound frostheart is moderately wounded.
The ironbound frostheart touches you but does no damage.
You feel a surge of power!
The blast of sand hits the ironbound frostheart!!
The ironbound frostheart is severely wounded.
The ironbound frostheart barely misses you.
The ironbound frostheart calls freezing cold from the walls.
The frost grips you. You partially resist.
You are encased in ice.
You feel a surge of power!
The blast of sand hits the ironbound frostheart!!
The ironbound frostheart is almost dead.
The ironbound frostheart touches you but does no damage.
The ironbound frostheart calls freezing cold from the walls.
The frost grips you! You partially resist.
You feel a surge of power!
The blast of sand hits the ironbound frostheart but does no damage.
The ironbound frostheart is almost dead.
The ice encasing you melts away. The ironbound frostheart touches you!
The ironbound frostheart freezes you. You resist.
The ironbound frostheart calls freezing cold from the walls.
The frost grips you!! You partially resist.
* * * LOW HITPOINT WARNING * * *
You are encased in ice.
As you read the scroll of teleportation, it crumbles to dust.
You feel strangely unstable.
The ironbound frostheart calls freezing cold from the walls.
The frost grips you!! You partially resist.
You die...

.# .# #.#
##.. #..# #..
##h# #Yp####
#..#@#.##
.Yhh.##.#}##
#h..p##)#.#.#
##.Y# ##"#[##
#.p ##)## ##
###


You could see an ironbound frostheart, a polar bear and a yak.

Vanquished Creatures
  Gastronok (Lair:2)
  Harold (D:10)
  A hydra (Lair:1)
  Erica (D:9)
  A two-headed ogre (D:9)
  Maurice (D:9)
  An ice statue (IceCv)
  3 cane toads
  A kobold demonologist (D:10)
  A komodo dragon (Lair:2)
  2 polar bears (IceCv)
  A queen bee (Lair:1)
  A troll (D:9)
  A hornet (D:9)
  Prince Ribbit (D:9)
  Sigmund (D:6)
  4 wyverns
  33 yaks
  A vampire (D:10)
  2 basilisks
  5 vampire mosquitoes (Lair:3)
  An acid dragon (D:9)
  Edmund (D:6)
  3 nagas (Lair:2)
  6 water moccasins
  Pargi (Sewer)
  A sky beast (D:8)
  4 black bears
  2 orc warriors
  2 ice beasts
  An ogre (D:6)
  17 wolves
  2 centaurs
  A phantom (D:5)
  A kobold brigand (D:8)
  4 bullfrogs
  2 scorpions
  A gnoll sergeant (D:8)
  3 necrophages
  2 jellies (D:7)
  21 wights
  29 killer bees
  5 howler monkeys
  An electric eel (D:9)
  A hound (D:7)
  3 orc priests
  An iguana (D:5)
  8 orc wizards
  5 gnolls
  9 adders
  A river rat (D:6)
  A shadow imp (D:7)
  3 worms
  A dart slug (D:4)
  26 orcs
  13 endoplasms
  7 giant cockroaches
  6 goblins
  7 hobgoblins
  3 jackals (D:1)
  6 quokkas
  11 ball pythons
  10 bats
  A frilled lizard (D:2)
  17 kobolds
  13 rats
328 creatures vanquished.

Vanquished Creatures (collateral kills)
  A dart slug (D:4)
1 creature vanquished.

Vanquished Creatures (others)
  8 fungi
  26 plants
34 creatures vanquished.

Grand Total: 363 creatures vanquished

Notes
Turn   | Place    | Note
-------+----------+-------------------------------------------
     0 | D:1      | quixfox the Gargoyle Earth Elementalist began the quest for
                  | the Orb.
     0 | D:1      | Reached XP level 1. HP: 10/10 MP: 3/3
   216 | D:1      | Reached XP level 2. HP: 10/15 MP: 0/5
   315 | D:1      | Found Bevac's Vocational Training.
   324 | D:1      | Reached skill level 4 in Earth Magic
  1212 | D:1      | Reached XP level 3. HP: 9/19 MP: 2/7
  1945 | D:2      | Found Weeh's Weapon Shoppe.
  2109 | D:2      | Reached XP level 4. HP: 24/24 MP: 3/8
  2317 | D:2      | Reached skill level 5 in Earth Magic
  2365 | D:2      | Learned a level 2 spell: Passwall
  2369 | D:2      | Learned a level 3 spell: Stone Arrow
  2617 | D:2      | Identified the +2 dagger of Premature Burial {protect, rF+
                  | MP+9 Dex+2}
  3163 | D:3      | Found a faded altar of an unknown god.
  3460 | D:3      | Reached skill level 1 in Conjurations
  3553 | D:3      | Reached XP level 5. HP: 28/28 MP: 10/10
  3597 | D:3      | Noticed a black bear
  3603 | D:3      | Killed a black bear
  3656 | D:3      | Reached XP level 6. HP: 32/32 MP: 11/11
  4076 | D:3      | Reached skill level 6 in Earth Magic
  4320 | D:4      | Reached XP level 7. HP: 36/36 MP: 13/13
  4575 | D:4      | Learned a level 5 spell: Borgnjor's Vile Clutch
  4711 | D:4      | Reached skill level 1 in Fighting
  4714 | D:4      | Reached skill level 1 in Staves
  4958 | D:5      | Entered Level 5 of the Dungeon
  5131 | D:5      | Reached skill level 7 in Earth Magic
  5131 | D:5      | Reached XP level 8. HP: 45/45 MP: 12/15
  5316 | D:5      | Reached skill level 5 in Spellcasting
  5346 | D:5      | Found a staircase to the Ecumenical Temple.
  5356 | Temple   | Entered the Ecumenical Temple
  5370 | Temple   | Became a worshipper of Vehumet
  6090 | D:6      | Noticed RevDB's ghost (novice MiFi)
  6090 | D:6      | Found a runed translucent door.
  6178 | D:6      | Found a glowing drain.
  6186 | Sewer    | Entered a sewer
  6217 | Sewer    | Noticed Pargi
  6222 | Sewer    | Killed Pargi
  6380 | D:6      | Reached skill level 5 in Conjurations
  6382 | D:6      | Found a runed translucent door.
  6843 | D:6      | Noticed Edmund
  6846 | D:6      | Killed Edmund
  6877 | D:6      | Noticed Sigmund
  6880 | D:6      | Killed Sigmund
  6881 | D:6      | Reached skill level 8 in Earth Magic
  6881 | D:6      | Reached XP level 9. HP: 52/52 MP: 13/17
  7150 | D:7      | Reached * piety under Vehumet
  7150 | D:7      | Offered knowledge of Freeze by Vehumet.
  7599 | D:7      | Found a broken altar of Ashenzari.
  7599 | D:7      | Found an ornate altar of the Wu Jian Council.
  7605 | D:7      | Found a hide-covered altar of Uskayaw.
  7608 | D:7      | Found an ancient bone altar of Kikubaaqudgha.
  7608 | D:7      | Found a snail-covered altar of Cheibriados.
  7658 | D:7      | Found a burning altar of Makhleb.
  7661 | D:7      | Found a bloodstained altar of Trog.
  7822 | D:7      | Reached skill level 1 in Evocations
  7878 | D:7      | Found Yhush's Armour Shop.
  7886 | D:7      | Bought a +2 helmet of intelligence for 215 gold pieces
  8116 | D:8      | Reached skill level 5 in Fighting
  8177 | D:7      | Reached XP level 10. HP: 57/59 MP: 19/19
  8187 | D:7      | Reached skill level 9 in Earth Magic
  8463 | D:8      | Found a staircase to the Lair.
  8539 | D:8      | Offered knowledge of Static Discharge by Vehumet.
  8541 | D:8      | Reached ** piety under Vehumet
  9139 | D:9      | Noticed Erica
  9143 | D:9      | Killed Erica
  9144 | D:9      | Reached skill level 10 in Earth Magic
  9144 | D:9      | Reached XP level 11. HP: 66/66 MP: 22/22
  9246 | D:9      | Offered knowledge of Mephitic Cloud by Vehumet.
  9371 | D:9      | Learned a level 5 spell: Fireball
  9400 | D:9      | Noticed Prince Ribbit
  9406 | D:9      | Killed Prince Ribbit
  9463 | D:9      | Reached skill level 1 in Armour
  9494 | D:9      | Reached *** piety under Vehumet
  9550 | D:9      | Noticed Maurice
  9560 | D:9      | Killed Maurice
  9615 | D:9      | Noticed a two-headed ogre
  9619 | D:9      | Killed a two-headed ogre
  9620 | D:9      | Reached skill level 1 in Fire Magic
  9813 | D:10     | Entered Level 10 of the Dungeon
 10216 | D:10     | Noticed Harold
 10223 | D:10     | Killed Harold
 10459 | D:10     | Found a shimmering blue altar of Sif Muna.
 10516 | D:10     | Offered knowledge of Inner Flame by Vehumet.
 11041 | Lair:1   | Entered Level 1 of the Lair of Beasts
 11059 | Lair:1   | Reached skill level 5 in Evocations
 11119 | Lair:1   | Noticed a five-headed hydra
 11127 | Lair:1   | Killed a five-headed hydra
 11201 | Lair:1   | Reached XP level 12. HP: 73/73 MP: 24/24
 11284 | Lair:1   | Reached skill level 11 in Earth Magic
 11521 | Lair:1   | Reached **** piety under Vehumet
 11529 | Lair:1   | Offered knowledge of Irradiate by Vehumet.
 11863 | Lair:2   | Found a staircase to the Snake Pit.
 12147 | Lair:2   | Noticed Gastronok
 12157 | Lair:2   | Killed Gastronok
 12970 | Lair:3   | Found a staircase to the Swamp.
 13005 | Lair:3   | Found a shadowy altar of Dithmenos.
 13026 | Lair:3   | Found a transporter.
 13035 | Lair:3   | Found a frozen archway.
 13050 | IceCv    | Entered an ice cave
 13325 | IceCv    | Reached skill level 5 in Armour
 13509 | IceCv    | Noticed a death yak
 13509 | IceCv    | Noticed a death yak
 13574 | IceCv    | Got the Enchiridion on Ice
 13636 | IceCv    | Noticed an ironbound frostheart
 13636 | IceCv    | Noticed an ironbound frostheart
 13647 | IceCv    | Killed from afar by an ironbound frostheart

Illustrated notes

Levels and vault maps discovered:
D:1:      dpeg_arrival_central, layout_loops_corners, nicolae_shop_vocational
D:2:      layout_loops_cross, serial_shops, nicolae_shop_hallway_plus,
          grunt_decor_resistance, grunt_ministairs_9, minmay_nonomino_d4
D:3:      minmay_bubble_buster, layout_loops_corners,
          hellmonk_ecumenical_altar_lost_god, chequers_serial_rivers_micro_d,
          kennysheep_generic_room_7
D:4:      layout_rooms, serial_rivers, chequers_serial_rivers_marsh,
          chequers_serial_rivers_small_b, chequers_serial_rivers_small_b,
          chequers_serial_rivers_small_a, chequers_serial_rivers_small_a,
          chequers_serial_rivers_room_a
D:5:      layout_layer_cave, minmay_temple_entry_sparse_star
D:6:      layout_loops_ring, ebering_ghost_sewer_f, gup_sewer_entry_bubbles,
          sigmund_edmund_badplayer
D:7:      layout_gridville, nicolae_overflow_hallway_of_the_gods, serial_shops,
          nicolae_shop_behind_doors
D:8:      layout_basic, minmay_lair_entry_grove, nicolae_elevator_lobby_plus
D:9:      layout_roguey, nicolae_lava_and_water, uniq_maurice, uniq_erica,
          uniq_prince_ribbit1
D:10:     layout_small_grid, lemuel_doored_altar, uniq_harold
D:11:     layout_long_grid, hellmonk_ghost_happy_afterlife
Temple:   nicolae_temple_superstar
Lair:1:   layout_roguey [special_room_bee]
Lair:2:   layout_small_grid, guppyfry_snake_entry_garden, uniq_gastronok
Lair:3:   gammafunk_cloud_chamber, layout_cellular_growth,
          minmay_swamp_entry_swarm, portal_ice_cave_entry_pillars_1,
          basic_altar, chequers_serial_rivers_marsh, nicolae_lair_liquid_snakes
IceCv:    ice_cave_caverns_03

Skill      XL: |  1  2  3  4  5  6  7  8  9 10 11 12 |
---------------+-------------------------------------+-----
Earth Magic    | 4 5 6 7 8 10 11 | 11.7
Spellcasting   | 3 4 5 6 7 8 |  8.8
Conjurations   | 1 2 3 4 5 6 7 8 9 |  9.6
Fighting       | 2 4 5 6 7 8 |  8.8
Staves         | 2 3 4 |  4.2
Dodging        | 2 4 |  4.2
Evocations     | 2 4 5 6 |  6.1
Armour         | 3 5 |  5.0
Fire Magic     | 2 4 |  4.6
Stealth        | |  2.1
Transmutations | |  0.7

Action                   |  1- 3 |  4- 6 |  7- 9 | 10-12 || total
-------------------------+-------+-------+-------+-------++-------
Melee: Dagger            |       |    18 |       |       ||    18
       Staff             |       |       |       |     9 ||     9
Throw: Javelin           |       |     1 |       |       ||     1
 Cast: Sandblast         |    65 |    89 |   126 |   384 ||   664
       Stone Arrow       |       |       |       |    14 ||    14
       Fireball          |       |       |       |    23 ||    23
Evoke: Wand              |       |       |       |     2 ||     2
  Use: Scroll            |       |    11 |     5 |    16 ||    32
       Potion            |       |       |       |     3 ||     3
Armor: Robe              |    24 |    41 |    28 |   312 ||   405
Dodge: Dodged            |    33 |    39 |    49 |   407 ||   528

Table legend: (Time is in decaauts)
 A = Elapsed time spent in this place.
 B = Non-inter-level travel time spent in this place.
 C = Inter-level travel time spent in this place.
 D = Time resting spent in this place.
 E = Time spent auto-exploring this place.
 F = Levels seen in this place.
 G = Mean time per level.
                   A        B        C        D        E       F      G
               +--------+--------+--------+--------+--------+-----+--------+
         Total |  14359 |  14016 |    343 |   1289 |   9361 |  17 |  844.6 |
       Dungeon |  11456 |  11139 |    317 |    992 |   7868 |  11 | 1041.5 |
        Temple |     27 |     27 |      0 |      0 |      9 |   1 |   27.0 |
          Lair |   2124 |   2098 |     26 |     33 |   1469 |   3 |  708.0 |
         Sewer |     81 |     81 |      0 |     11 |     15 |   1 |   81.0 |
      Ice Cave |    668 |    668 |      0 |    253 |      0 |   1 |  668.0 |
               +--------+--------+--------+--------+--------+-----+--------+

Top non-repeatable levels by time:
     D:1: 1809 daAuts
     D:3: 1315 daAuts
  Lair:2: 1189 daAuts
     D:9: 1173 daAuts
     D:2: 1165 daAuts
     D:5: 1121 daAuts
     D:8: 1090 daAuts
     D:7: 1087 daAuts
     D:6: 1021 daAuts
     D:4: 849 daAuts
  Lair:1: 827 daAuts
    D:10: 819 daAuts
   IceCv: 668 daAuts
  Lair:3: 107 daAuts
   Sewer: 81 daAuts
